 Dungeon Crawl Stone Soup version 0.31.0-12-g77e489cdc1 (webtiles) character file.

Game seed: 8712939612459567128

100 monsoonserge the Ruffian (level 4, -3/34 HPs)
             Began as a Gnoll Shapeshifter on Mar 1, 2024.
             Killed by divine providence
             ... invoked by an orc priest
              (15 damage)
             ... on level 3 of the Dungeon.
             The game lasted 00:02:57 (1771 turns).

monsoonserge the Ruffian (Gnoll Shapeshifter)       Turns: 1771, Time: 00:02:57

Health: -3/34      AC:  8    Str: 15    XL:     4   Next: 73%
Magic:  5/5        EV:  8    Int: 16    God:
Gold:   86         SH:  0    Dex: 11    Spells: 5/5 levels left

rFire   . .          .
                       - Unarmed
rCold   . . .        (no shield)
rNeg    . . .        l - +0 chain mail
rPois   .            (helmet currently unavailable)
rElec   .            (cloak currently unavailable)
rCorr   .            (gloves currently unavailable)
SInv    .            (boots currently unavailable)
Will    .....        (no amulet) Stlth
                     j - +6 ring of intelligence
HPRegen 0.25/turn    (no ring)
MPRegen 0.09/turn

%: no passive effects
@: beast-form
A: beast (slay +3), fangs 1, strong nose, distributed training
a: Begin Untransformation


You were on level 3 of the Dungeon.
You were a hulking beast.
You visited 1 branch of the dungeon, and saw 3 of its levels.

You collected 86 gold pieces.

Inventory:

Missiles
 r - 2 boomerangs
 s - 4 poisoned darts (quivered)
Armour
 a - a +0 animal skin
 k - a +0 leather armour
 l - a +0 chain mail (worn)
 q - a +0 plate armour
Magical Staves
 h - a staff of air
Jewellery
 j - a +6 ring of intelligence (left hand)
Talismans
 c - a beast talisman (active)
 d - a flux talisman
Scrolls
 f - 2 scrolls of immolation {unknown}
 g - 3 scrolls of teleportation {unknown}
 i - a scroll of revelation {unknown}
 m - 3 scrolls of fear {unknown}
 n - a scroll of noise {unknown}
Potions
 b - 2 potions of lignification
 e - a potion of ambrosia {unknown}
 o - 2 potions of brilliance {unknown}
 p - a potion of heal wounds {unknown}


   Skills:
 + Level 2.8 Fighting
 + Level 1.2 Short Blades
 + Level 1.2 Long Blades
 + Level 1.2 Axes
 + Level 1.2 Maces & Flails
 + Level 1.2 Polearms
 + Level 1.2 Staves
 + Level 1.2 Ranged Weapons
 + Level 1.2 Throwing
 + Level 1.2 Armour
 + Level 4.7 Dodging
 + Level 1.2 Stealth
 + Level 1.2 Shields
 + Level 6.6 Unarmed Combat
 + Level 1.2 Spellcasting
 + Level 1.0 Conjurations
 + Level 1.0 Hexes
 + Level 1.0 Summonings
 + Level 1.0 Necromancy
 + Level 1.0 Translocations
 + Level 1.0 Fire Magic
 + Level 1.0 Ice Magic
 + Level 1.0 Air Magic
 + Level 1.0 Earth Magic
 + Level 1.0 Alchemy
 + Level 1.4 Invocations
 + Level 1.2 Evocations
 + Level 6.6 Shapeshifting


You had 5 spell levels left.
You didn't know any spells.
Your spell library was empty.

Dungeon Overview and Level Annotations

Branches:
Dungeon (3/15)

Altars:


Innate Abilities, Weirdness & Mutations

You are a hulking beast.
Your limbs bulge with bestial killing power. (Slay +3)
You have very sharp teeth.
Your uncanny sense of smell can sniff out nearby items.
Your experience applies equally to all skills.


Message History

a +0 club; a kobold corpse You punch the goblin!
You kill the goblin!
Things that are here:
a +0 dagger; a goblin corpse An orc comes into view.
It is wielding a +0 mace.
The orc shouts!
An orc is nearby!
The orc hits you but does no damage.
You hit the orc.
The orc is lightly wounded.
A hobgoblin comes into view.
The orc hits you but does no damage.
You punch the orc!
You kill the orc!
Things that are here:
a +0 mace; a +0 leather armour; an orc corpse You hit the hobgoblin.
The hobgoblin is severely wounded.
The hobgoblin hits you but does no damage.
You hit the hobgoblin but do no damage.
The hobgoblin is severely wounded.
The hobgoblin hits you.
You punch the hobgoblin!
You kill the hobgoblin!
You see here a hobgoblin corpse.
An orc priest comes into view. It is wielding a +0 flail.
The orc priest shouts!
The orc priest calls down the wrath of Beogh upon you.
Beogh smites you!
You closely miss the orc priest. You hit the orc priest.
Your bite misses the orc priest.
The orc priest is moderately wounded.
The orc priest mumbles some strange prayers to Beogh against you.
Beogh smites you!
You hit the orc priest.
The orc priest is severely wounded.
The orc priest invokes the aid of Beogh against you.
Beogh smites you!
You die...

#).##
##..########
######†.......###
#................
#.######...##.###
#######........ #
#.......####...
#.#.####### .
#..h.# #.o..#
#....# ......#
####...# ....#
....# #..###


You could see an orc priest.

Vanquished Creatures
  An orc wizard (D:3)
  3 adders (D:2)
  2 dart slugs (D:1)
  5 orcs (D:3)
  A bat (D:2)
  3 endoplasms
  A giant cockroach (D:2)
  3 goblins
  4 hobgoblins
  2 quokkas
  A ball python (D:2)
  5 frilled lizards
  4 kobolds
  6 rats
41 creatures vanquished.

Notes
Turn   | Place    | Note
-------+----------+-------------------------------------------
     0 | D:1      | monsoonserge the Gnoll Shapeshifter began the quest for the
                  | Orb.
     0 | D:1      | Reached XP level 1. HP: 17/17 MP: 1/1
   507 | D:1      | Reached XP level 2. HP: 19/23 MP: 2/2
  1028 | D:2      | Reached XP level 3. HP: 28/28 MP: 2/4
  1043 | D:2      | Reached skill level 1 in Invocations
  1083 | D:2      | Reached skill level 1 in Short Blades
  1083 | D:2      | Reached skill level 1 in Long Blades
  1083 | D:2      | Reached skill level 1 in Axes
  1083 | D:2      | Reached skill level 1 in Maces & Flails
  1083 | D:2      | Reached skill level 1 in Polearms
  1083 | D:2      | Reached skill level 1 in Staves
  1083 | D:2      | Reached skill level 1 in Ranged Weapons
  1083 | D:2      | Reached skill level 1 in Throwing
  1083 | D:2      | Reached skill level 1 in Armour
  1083 | D:2      | Reached skill level 1 in Stealth
  1083 | D:2      | Reached skill level 1 in Shields
  1083 | D:2      | Reached skill level 1 in Spellcasting
  1083 | D:2      | Reached skill level 1 in Evocations
  1400 | D:2      | Reached XP level 4. HP: 30/34 MP: 5/5
  1517 | D:3      | Reached skill level 1 in Conjurations
  1517 | D:3      | Reached skill level 1 in Hexes
  1517 | D:3      | Reached skill level 1 in Summonings
  1517 | D:3      | Reached skill level 1 in Necromancy
  1517 | D:3      | Reached skill level 1 in Translocations
  1517 | D:3      | Reached skill level 1 in Fire Magic
  1517 | D:3      | Reached skill level 1 in Ice Magic
  1517 | D:3      | Reached skill level 1 in Air Magic
  1517 | D:3      | Reached skill level 1 in Earth Magic
  1517 | D:3      | Reached skill level 1 in Alchemy
  1771 | D:3      | Killed from afar by an orc priest

Illustrated notes

Levels and vault maps discovered:
D:1:      dpeg_arrival_erosion, layout_basic, minivault_14,
          minmay_misc_feat_room, nrook_loot_triangle
D:2:      layout_rooms, serial_bayou_pond_b, hangedman_decor_clover_reticule
D:3:      layout_basic, ebering_ecumenical_altar_webs

Skill      XL: |  1  2  3  4 |
---------------+-------------+-----
Invocations    | 1 |  1.4
Short Blades   | 1 |  1.2
Long Blades    | 1 |  1.2
Axes           | 1 |  1.2
Maces & Flails | 1 |  1.2
Polearms       | 1 |  1.2
Staves         | 1 |  1.2
Ranged Weapons | 1 |  1.2
Throwing       | 1 |  1.2
Armour         | 1 |  1.2
Stealth        | 1 |  1.2
Shields        | 1 |  1.2
Spellcasting   | 1 |  1.2
Evocations     | 1 |  1.2
Conjurations   | 1 |  1.0
Hexes          | 1 |  1.0
Summonings     | 1 |  1.0
Necromancy     | 1 |  1.0
Translocations | 1 |  1.0
Fire Magic     | 1 |  1.0
Ice Magic      | 1 |  1.0
Air Magic      | 1 |  1.0
Earth Magic    | 1 |  1.0
Alchemy        | 1 |  1.0
Fighting       | |  2.8
Dodging        | |  4.7
Unarmed Combat | |  6.6
Shapeshifting  | |  6.6

Action                     |  1- 3 |  4- 6 || total
---------------------------+-------+-------++-------
  Melee: Unarmed           |    71 |    31 ||   102
         Bite              |     6 |       ||     6
         Punch             |     3 |     3 ||     6
 Armour: Skin              |     8 |       ||     8
         Chain mail        |    31 |    26 ||    57
  Dodge: Dodged            |    23 |     9 ||    32
   Form: Flux              |     1 |       ||     1
         Beast             |     1 |       ||     1
